 Dungeon Crawl Stone Soup version 0.29.0-4-gdea44cf6ec (webtiles) character file.

Game seed: 2630236786216605084

22933 qw the Protected (level 13, -2/82 HPs)
             Began as a Gargoyle Berserker on Sept 8, 2022.
             Was a Priest of Trog.
             Slain by a six-headed hydra (11 damage)
             ... on level 5 of the Lair of Beasts.
             The game lasted 00:04:49 (14861 turns).

qw the Protected (Gargoyle Berserker)              Turns: 14861, Time: 00:04:50

Health: -2/82      AC: 41    Str: 27    XL:     13   Next: 3%
Magic:  13/13      EV:  7    Int:  7    God:    Trog [***...]
Gold:   644        SH: 11    Dex:  6    Spells: 12/12 levels left

rFire   + . .      SeeInvis .   j - +0 morningstar
rCold   . . .      Faith    .   q - +1 kite shield {rPois}
rNeg    + + +      Spirit   .   p - +6 plate armour "Jopuonek" {rN++ Dex-3 Stlth+}
rPois   inf        Reflect  .   o - +0 helmet
rElec   +          Harm     .   r - +0 cloak {rPois}
rCorr   .          Rampage  .   k - +0 pair of gloves
Will    .....                   h - +0 pair of boots
Stlth   ..........              (no amulet)
HPRegen 0.23/turn               s - +4 ring of protection
MPRegen 0.13/turn               e - ring of protection from fire

@: about to teleport, on berserk cooldown, slowed, very slow
A: sickness immunity, AC +9, negative energy resistance 1, electricity
resistance, torment resistance 1, petrification resistance
a: Renounce Religion, Berserk, Trog's Hand


You were on level 5 of the Lair of Beasts.
You worshipped Trog.
Trog was most pleased with you.
You visited 2 branches of the dungeon, and saw 13 of its levels.

You collected 644 gold pieces.


Innate Abilities, Weirdness & Mutations

You are immune to sickness and miasma.
Your stone body is resilient. (AC +9)
You are immune to poison.
You resist negative energy. (rN+)
You are resistant to electric shocks. (rElec)
You are resistant to unholy torment.
You are immune to petrification.


   Skills:
 - Level 10.0 Fighting
 + Level 12.1 Axes
 - Level 3.1 Throwing
 - Level 12.2 Armour
 - Level 1.5 Dodging
 - Level 11.0 Shields


You had 12 spell levels left.
You didn't know any spells.
Your spell library was empty.

Inventory:

Hand Weapons
 j - a +0 morningstar (weapon)
 n - a +0 broad axe
Missiles
 d - 2 boomerangs (quivered)
Armour
 h - a +0 pair of boots (worn)
 k - a +0 pair of gloves (worn)
 o - a +0 helmet (worn)
 p - the +6 plate armour "Jopuonek" (worn) {rN++ Dex-3 Stlth+}
   (You found it on level 8 of the Dungeon)

   Dex:       It affects your dexterity (-3).
   rN:        It greatly protects you from negative energy.
   Stlth:     It makes you more stealthy.
 q - a +1 kite shield of poison resistance (worn)
 r - a +0 cloak of poison resistance (worn)
Jewellery
 e - a ring of protection from fire (right hand)
 i - the ring "Myiqy" {Fire Str+4 Dex-5 Slay+3}
   (You acquired it on level 3 of the Dungeon)

   [ring of fire]

   It enhances your fire magic.
   Str:       It affects your strength (+4).
   Dex:       It affects your dexterity (-5).
   Slay:      It affects your accuracy & damage with ranged weapons and melee
   (+3).
   rF:        It protects you from fire.
   rC:        It makes you vulnerable to cold.
 s - a +4 ring of protection (left hand)
 Y - a ring of protection from cold
Scrolls
 a - 2 scrolls of teleportation
 b - 3 scrolls of identify
Potions
 c - a potion of might
 g - 2 potions of haste
 l - a potion of cancellation
 u - a potion of mutation
 v - a potion of heal wounds
 z - 4 potions of curing

Dungeon Overview and Level Annotations

Branches:
Dungeon (9/15)             Temple (0/1) D:5            Lair (3/5) D:9
  Swamp (0/4) Lair:2        Snake (0/4) Lair:2
    Orc: D:9-12

Altars:
Cheibriados
Okawaru
The Shining One

Shops:
D:2 (

Annotations:
D:4 1 runed translucent door, Crazy Yiuf


Message History

You hear a trumpeting!
The six-headed hydra bites you but does no damage.
You block the six-headed hydra's attack.
The six-headed hydra barely misses you. x2
The six-headed hydra bites you but does no damage. x2
You sock the six-headed hydra!
The six-headed hydra is heavily wounded.
The six-headed hydra barely misses you. The six-headed hydra bites you!
The six-headed hydra bites you but does no damage. x2
The six-headed hydra bites you!
The six-headed hydra bites you but does no damage.
An elephant comes into view.
You thump the six-headed hydra!
The six-headed hydra is severely wounded.
The six-headed hydra barely misses you.
You block the six-headed hydra's attack.
The six-headed hydra completely misses you.
The six-headed hydra bites you but does no damage.
The six-headed hydra barely misses you.
The six-headed hydra bites you but does no damage.
You bludgeon the six-headed hydra!!
The six-headed hydra is almost dead.
You are no longer berserk.
You are exhausted.
You feel yourself slow down.
A four-headed hydra comes into view.
The six-headed hydra bites you!
The six-headed hydra closely misses you.
The six-headed hydra bites you but does no damage. x2
The six-headed hydra closely misses you.
You block the six-headed hydra's attack.
14861 ||| READING 3 scrolls of teleportation.
As you read the scroll of teleportation, it crumbles to dust.
You feel strangely unstable.
The four-headed hydra roars!
You block the six-headed hydra's attack.
The six-headed hydra bites you but does no damage. x2
You block the six-headed hydra's attack.
The six-headed hydra bites you!
You die... 77

7777...#
777......#
7D@7.......
7YD77777.....
7..7 ...# 7D.
..# . .# .


You could see a seven-headed hydra, a six-headed hydra, a four-headed hydra and
an elephant.

Vanquished Creatures
  3 hydras
  A catoblepas (Lair:2)
  2 black mambas (Lair:3)
  A guardian serpent (Lair:2)
  2 cane toads (Lair:1)
  4 komodo dragons
  A polar bear (Lair:2)
  7 blink frogs
  Sigmund (D:2)
  A shadow (D:9)
  33 yaks
  A spriggan (D:7)
  4 wyverns
  2 basilisks (Lair:1)
  A steam dragon (D:9)
  A swamp worm (Lair:2)
  10 water moccasins
  An orc warrior (D:7)
  An ice beast (D:7)
  2 black bears
  A sky beast (D:8)
  An ogre (D:5)
  4 wolves (Lair:3)
  3 centaurs
  A phantom (D:5)
  Blork the orc (D:4)
  5 bullfrogs
  3 scorpions
  A gnoll sergeant (D:8)
  3 necrophages
  8 wights
  8 killer bees
  5 howler monkeys
  An electric eel (Lair:2)
  A quasit (D:5)
  2 jellies
  A gnoll bouda (D:9)
  4 orc priests
  5 hounds
  4 iguanas
  8 orc wizards
  12 gnolls
  10 adders
  A shadow imp (D:6)
  A white imp (D:6)
  2 ufetubi
  5 worms
  2 dart slugs (D:5)
  41 orcs
  7 bats
  9 endoplasms
  6 giant cockroaches
  5 goblins
  6 hobgoblins
  6 quokkas
  6 ball pythons
  4 frilled lizards
  4 hobgoblin zombies (D:5)
  7 kobolds
  2 kobold skeletons (D:5)
  2 kobold zombies (D:5)
  10 rats
297 creatures vanquished.

Vanquished Creatures (collateral kills)
  A hydra (Lair:5)
1 creature vanquished.

Vanquished Creatures (others)
  7 fungi
  6 plants
13 creatures vanquished.

Grand Total: 311 creatures vanquished

Notes
Turn   | Place    | Note
-------+----------+-------------------------------------------
     0 | D:1      | qw the Gargoyle Berserker began the quest for the Orb.
     0 | D:1      | Reached XP level 1. HP: 14/14 MP: 1/1
     0 | D:1      | 0 ||| qw: Version: 0.1-a-111-g1c1fd2e
     0 | D:1      | 0 ||| qw: Game counter: 6595
     0 | D:1      | 0 ||| qw: Always use a shield: true
     0 | D:1      | 0 ||| qw: Do Orc after D:15 true
     0 | D:1      | 0 ||| qw: Do second Lair branch before Depths: true
     0 | D:1      | 0 ||| qw: Lair rune preference: random
     0 | D:1      | 0 ||| qw: Plans: Normal
     0 | D:1      | 0 ||| PLANNING D:1-11
   135 | D:1      | Reached skill level 3 in Axes
   157 | D:1      | 157 ||| Stepping ~*~*~tactically~*~*~ (stealth).
   163 | D:1      | 163 ||| Stepping ~*~*~tactically~*~*~ (stealth).
   168 | D:1      | 168 ||| INVOKING Berserk.
   171 | D:1      | Reached XP level 2. HP: 9/19 MP: 2/2
  1205 | D:1      | 1205 ||| UPGRADING to +0 leather armour.
  1215 | D:1      | 1215 ||| DROPPING +0 animal skin.
  1216 | D:1      | 1216 ||| UPGRADING to +2 buckler.
  1221 | D:1      | 1221 ||| UPGRADING to +0 pair of gloves.
  1226 | D:1      | 1226 ||| DROPPING ring of magical power.
  1227 | D:1      | 1227 ||| READING 2 scrolls labelled OCAIGE LYDOGH.
  1232 | D:1      | 1232 ||| READING scroll labelled XOOCEN HICIDIRGHACK.
  1233 | D:1      | 1233 ||| READING scroll labelled NEUNKE MOIREEN.
  1264 | D:2      | 1264 ||| INVOKING Berserk.
  1268 | D:2      | Reached XP level 3. HP: 23/23 MP: 3/3
  1272 | D:2      | 1272 ||| STAIRDANCE
  1379 | D:2      | Found Siedihal's Weapon Emporium.
  1396 | D:2      | 1396 ||| Stepping ~*~*~tactically~*~*~ (stealth).
  1399 | D:2      | 1399 ||| Stepping ~*~*~tactically~*~*~ (stealth).
  1431 | D:2      | Reached skill level 1 in Shields
  1433 | D:2      | Noticed Sigmund
  1434 | D:2      | 1434 ||| Stepping ~*~*~tactically~*~*~ (hiding).
  1435 | D:2      | 1435 ||| Stepping ~*~*~tactically~*~*~ (hiding).
  1437 | D:2      | 1437 ||| Stepping ~*~*~tactically~*~*~ (hiding).
  1440 | D:2      | 1440 ||| INVOKING Berserk.
  1446 | D:2      | Killed Sigmund
  1447 | D:2      | Reached XP level 4. HP: 28/28 MP: 4/4
  1447 | D:2      | Reached XP level 5. HP: 32/32 MP: 5/5
  1468 | D:2      | 1468 ||| FLEEEEING.
  1469 | D:2      | 1469 ||| FLEEEEING.
  1470 | D:2      | 1470 ||| FLEEEEING.
  1533 | D:2      | Reached ** piety under Trog
  1692 | D:2      | Reached XP level 6. HP: 31/37 MP: 6/6
  1779 | D:2      | 1779 ||| Stepping ~*~*~tactically~*~*~ (stealth).
  1780 | D:2      | 1780 ||| Stepping ~*~*~tactically~*~*~ (stealth).
  1781 | D:2      | 1781 ||| Stepping ~*~*~tactically~*~*~ (stealth).
  1782 | D:2      | 1782 ||| Stepping ~*~*~tactically~*~*~ (stealth).
  1783 | D:2      | 1783 ||| Stepping ~*~*~tactically~*~*~ (stealth).
  2038 | D:2      | 2038 ||| UPGRADING to +0 helmet.
  2043 | D:2      | 2043 ||| READING 3 scrolls labelled ZEZUUDW EMONIG.
  2044 | D:2      | 2044 ||| READING scroll labelled NIAZOW MUUSA.
  2101 | D:2      | 2101 ||| READING 3 scrolls labelled ATHUNIUBIFF.
  2102 | D:2      | 2102 ||| READING 2 scrolls of identify.
  2102 | D:2      | 2102 ||| IDENTIFYING fuming sapphire potion
  2103 | D:2      | 2103 ||| DROPPING potion of degeneration.
  2104 | D:2      | 2104 ||| DROPPING 2 scrolls of fear.
  2414 | D:3      | 2414 ||| Stepping ~*~*~tactically~*~*~ (stealth).
  2987 | D:3      | 2987 ||| READING scroll of enchant weapon.
  2987 | D:3      | 2987 ||| ENCHANTING +1 hand axe.
  3124 | D:3      | 3124 ||| UPGRADING to ring of protection from cold.
  3125 | D:3      | 3125 ||| READING 2 scrolls labelled OVACHIOT LUNE.
  3126 | D:3      | 3126 ||| READING scroll labelled ULAMNE UGRAEMU.
  3127 | D:3      | 3127 ||| READING scroll labelled NYWKAO MIRCHAC.
  3127 | D:3      | Identified a scroll of acquirement
  3127 | D:3      | 3127 ||| ACQUIRING ring "Myiqy" {Fire Str+4 Dex-5 Slay+3}
  3127 | D:3      | Acquired the ring "Myiqy" {Fire Str+4 Dex-5 Slay+3}
  3129 | D:3      | 3129 ||| UPGRADING to ring "Myiqy" {Fire Str+4 Dex-5
                  | Slay+3}.
  3130 | D:3      | 3130 ||| DRINKING 2 silvery potions.
  3131 | D:3      | 3131 ||| DRINKING 2 red potions.
  3132 | D:3      | 3132 ||| READING 2 scrolls of identify.
  3132 | D:3      | 3132 ||| IDENTIFYING fizzy orange potion
  3133 | D:3      | 3133 ||| DROPPING scroll of vulnerability.
  3134 | D:3      | 3134 ||| DROPPING potion of brilliance.
  3172 | D:4      | Noticed Blork the orc
  3176 | D:4      | 3176 ||| INVOKING Berserk.
  3180 | D:4      | Killed Blork the orc
  3311 | D:4      | 3311 ||| DROPPING +0 whip.
  3339 | D:4      | 3339 ||| Stepping ~*~*~tactically~*~*~ (hiding).
  3342 | D:4      | 3342 ||| INVOKING Berserk.
  3477 | D:4      | 3477 ||| SWAPPING to +0 war axe.
  3478 | D:4      | 3478 ||| DROPPING +2 hand axe.
  3614 | D:4      | 3614 ||| DROPPING +2 mace of protection.
  3719 | D:4      | Reached *** piety under Trog
  3944 | D:4      | Found a runed translucent door.
  3945 | D:4      | Noticed Crazy Yiuf
  4030 | D:4      | 4030 ||| UPGRADING to +0 ring mail.
  4040 | D:4      | 4040 ||| DROPPING +0 leather armour.
  4041 | D:4      | 4041 ||| DRINKING 2 clear potions.
  4042 | D:4      | 4042 ||| READING 2 scrolls of identify.
  4042 | D:4      | 4042 ||| IDENTIFYING pink potion
  4043 | D:4      | 4043 ||| DROPPING potion of flight.
  4074 | D:5      | Entered Level 5 of the Dungeon
  4102 | D:5      | 4102 ||| INVOKING Berserk.
  4104 | D:5      | Reached skill level 6 in Axes
  4104 | D:5      | Reached XP level 7. HP: 44/44 MP: 7/7
  4123 | D:5      | 4123 ||| Stepping ~*~*~tactically~*~*~ (stealth).
  4128 | D:5      | 4128 ||| Stepping ~*~*~tactically~*~*~ (stealth).
  4196 | D:5      | 4196 ||| Stepping ~*~*~tactically~*~*~ (stealth).
  4197 | D:5      | 4197 ||| Stepping ~*~*~tactically~*~*~ (stealth).
  4198 | D:5      | 4198 ||| Stepping ~*~*~tactically~*~*~ (stealth).
  4200 | D:5      | 4200 ||| Stepping ~*~*~tactically~*~*~ (stealth).
  4201 | D:5      | 4201 ||| Stepping ~*~*~tactically~*~*~ (stealth).
  4203 | D:5      | 4203 ||| Stepping ~*~*~tactically~*~*~ (stealth).
  4215 | D:5      | Reached skill level 3 in Shields
  4417 | D:5      | 4417 ||| Stepping ~*~*~tactically~*~*~ (stealth).
  4558 | D:5      | 4558 ||| Stepping ~*~*~tactically~*~*~ (stealth).
  4572 | D:5      | 4572 ||| REMOVING ring "Myiqy" {Fire Str+4 Dex-5 Slay+3}.
  4614 | D:5      | 4614 ||| Stepping ~*~*~tactically~*~*~ (stealth).
  4622 | D:5      | Found a glowing golden altar of the Shining One.
  4647 | D:5      | 4647 ||| DROPPING +0 flail.
  4654 | D:5      | 4654 ||| INVOKING Berserk.
  4937 | D:5      | 4937 ||| INVOKING Berserk.
  4940 | D:5      | Reached XP level 8. HP: 49/49 MP: 8/8
  5218 | D:5      | 5218 ||| Stepping ~*~*~tactically~*~*~ (hiding).
  5406 | D:5      | Found a staircase to the Ecumenical Temple.
  5563 | D:5      | 5563 ||| UPGRADING to +0 cloak of poison resistance.
  5568 | D:5      | 5568 ||| UPGRADING to ring "Myiqy" {Fire Str+4 Dex-5
                  | Slay+3}.
  5569 | D:5      | 5569 ||| READING scroll labelled GEAHITH ZISH.
  5570 | D:5      | 5570 ||| READING scroll labelled SUZIGGA RISORGH.
  5571 | D:5      | 5571 ||| READING scroll labelled BUELAQI WEISIY.
  5672 | D:5      | 5672 ||| READING 2 scrolls of identify.
  5672 | D:5      | 5672 ||| IDENTIFYING metallic pink potion
  5692 | D:6      | 5692 ||| STAIRDANCE
  5699 | D:6      | 5699 ||| STAIRDANCE
  5780 | D:6      | 5780 ||| Stepping ~*~*~tactically~*~*~ (stealth).
  5783 | D:6      | 5783 ||| Stepping ~*~*~tactically~*~*~ (stealth).
  5791 | D:6      | 5791 ||| Stepping ~*~*~tactically~*~*~ (stealth).
  5792 | D:6      | 5792 ||| Stepping ~*~*~tactically~*~*~ (stealth).
  5802 | D:6      | Reached skill level 1 in Throwing
  5812 | D:6      | 5812 ||| FLEEEEING.
  5813 | D:6      | 5813 ||| FLEEEEING.
  5815 | D:6      | 5815 ||| STAIRDANCE
  5897 | D:6      | 5897 ||| Stepping ~*~*~tactically~*~*~ (hiding).
  5928 | D:6      | 5928 ||| Stepping ~*~*~tactically~*~*~ (stealth).
  5929 | D:6      | 5929 ||| Stepping ~*~*~tactically~*~*~ (stealth).
  5932 | D:6      | 5932 ||| Stepping ~*~*~tactically~*~*~ (stealth).
  6015 | D:6      | Reached skill level 3 in Armour
  6022 | D:6      | 6022 ||| Stepping ~*~*~tactically~*~*~ (stealth).
  6026 | D:6      | 6026 ||| INVOKING Berserk.
  6029 | D:6      | Reached skill level 6 in Fighting
  6212 | D:6      | 6212 ||| Stepping ~*~*~tactically~*~*~ (hiding).
  6221 | D:6      | 6221 ||| DRINKING 2 potions of curing.
  6221 | D:6      | 6221 ||| (to cure confusion)
  6423 | D:6      | Reached XP level 9. HP: 45/55 MP: 9/9
  6427 | D:6      | Reached skill level 9 in Axes
  6580 | D:6      | 6580 ||| UPGRADING to +0 scale mail.
  6590 | D:6      | 6590 ||| UPGRADING to +0 pair of boots.
  6595 | D:6      | 6595 ||| DROPPING +0 ring mail.
  6596 | D:6      | 6596 ||| UPGRADING to +0 chain mail.
  6606 | D:6      | 6606 ||| DROPPING +0 scale mail.
  6607 | D:6      | 6607 ||| READING 2 scrolls of identify.
  6607 | D:6      | 6607 ||| IDENTIFYING murky sapphire potion
  6608 | D:6      | 6608 ||| DROPPING potion of magic.
  6680 | D:7      | 6680 ||| Stepping ~*~*~tactically~*~*~ (stealth).
  6686 | D:7      | 6686 ||| INVOKING Berserk.
  6694 | D:7      | Reached **** piety under Trog
  7089 | D:7      | 7089 ||| INVOKING Berserk.
  7091 | D:7      | HP: 21/84 [wight/+0 trident (2)]
  7096 | D:7      | HP: 21/84 [wight/+0 trident (1)]
  7370 | D:7      | 7370 ||| Stepping ~*~*~tactically~*~*~ (stealth).
  7448 | D:7      | Reached skill level 6 in Armour
  7469 | D:7      | Identified the +2 spear of Dung {antimagic, Contam rN+++
                  | Int-5}
  7512 | D:7      | Found an iron altar of Okawaru.
  7516 | D:7      | Found a snail-covered altar of Cheibriados.
  7596 | D:7      | 7596 ||| Stepping ~*~*~tactically~*~*~ (stealth).
  7896 | D:7      | 7896 ||| DROPPING +1 hat.
  7897 | D:7      | 7897 ||| READING scroll labelled NAAXOU MEPH.
  7898 | D:7      | 7898 ||| DRINKING 2 fizzy ruby potions.
  7922 | D:7      | 7922 ||| DROPPING potion of lignification.
  8010 | D:8      | 8010 ||| INVOKING Berserk.
  8209 | D:8      | 8209 ||| SWAPPING to +0 broad axe.
  8210 | D:8      | 8210 ||| DROPPING +0 war axe.
  8218 | D:8      | 8218 ||| Stepping ~*~*~tactically~*~*~ (hiding).
  8238 | D:8      | 8238 ||| DRINKING potion of curing.
  8238 | D:8      | 8238 ||| (to cure confusion)
  8256 | D:8      | 8256 ||| INVOKING Berserk.
  8481 | D:8      | Reached XP level 10. HP: 53/63 MP: 10/10
  8640 | D:8      | 8640 ||| INVOKING Berserk.
  8979 | D:8      | Identified the +6 plate armour "Jopuonek" {rN++ Dex-3
                  | Stlth+}
  9193 | D:8      | 9193 ||| UPGRADING to +6 plate armour "Jopuonek" {rN++
                  | Dex-3 Stlth+}.
  9203 | D:8      | 9203 ||| REMOVING ring "Myiqy" {Fire Str+4 Dex-5 Slay+3}.
  9204 | D:8      | 9204 ||| DROPPING +0 chain mail.
  9205 | D:8      | 9205 ||| READING scroll labelled SUAFRIL BI ATZ.
  9206 | D:8      | 9206 ||| DRINKING 2 sapphire potions.
  9207 | D:8      | 9207 ||| READING 3 scrolls of identify.
  9207 | D:8      | 9207 ||| IDENTIFYING fizzy grey potion
  9208 | D:8      | 9208 ||| READING 2 scrolls of identify.
  9208 | D:8      | 9208 ||| IDENTIFYING sedimented black potion
  9209 | D:8      | 9209 ||| DRINKING potion of experience.
  9209 | D:8      | Reached skill level 12 in Armour
  9209 | D:8      | Reached XP level 11. HP: 68/68 MP: 11/11
  9210 | D:8      | 9210 ||| DROPPING potion of invisibility.
  9310 | D:9      | 9310 ||| Stepping ~*~*~tactically~*~*~ (hiding).
  9312 | D:9      | 9312 ||| INVOKING Berserk.
  9603 | D:9      | Found a flagged portal.
  9613 | D:9      | 9613 ||| Stepping ~*~*~tactically~*~*~ (hiding).
  9616 | D:9      | 9616 ||| INVOKING Berserk.
  9702 | D:9      | 9702 ||| Stepping ~*~*~tactically~*~*~ (stealth).
  9704 | D:9      | 9704 ||| Stepping ~*~*~tactically~*~*~ (hiding).
  9709 | D:9      | 9709 ||| INVOKING Berserk.
 10004 | D:9      | Found a staircase to the Lair.
 10095 | D:9      | Reached skill level 3 in Throwing
 10335 | D:9      | 10335 ||| PLANNING LAIR
 10335 | D:9      | 10335 ||| DROPPING +6 ring of intelligence.
 10336 | D:9      | 10336 ||| READING scroll labelled BAECZA EZUZIME.
 10369 | Lair:1   | Entered Level 1 of the Lair of Beasts
 10371 | Lair:1   | 10371 ||| INVOKING Berserk.
 10398 | Lair:1   | HP: 11/68 [cane toad (11)]
 10399 | Lair:1   | 10399 ||| READING 4 scrolls of teleportation.
 10400 | Lair:1   | 10400 ||| DRINKING potion of heal wounds.
 10413 | Lair:1   | 10413 ||| INVOKING Berserk.
 10443 | Lair:1   | Reached skill level 9 in Fighting
 10933 | Lair:1   | 10933 ||| READING scroll of acquirement.
 10933 | Lair:1   | 10933 ||| ACQUIRING +1 kite shield of poison resistance
 10933 | Lair:1   | Acquired a +1 kite shield of poison resistance
 10935 | Lair:1   | 10935 ||| UPGRADING to +1 kite shield of poison resistance.
 10945 | Lair:1   | 10945 ||| DROPPING +2 buckler.
 10969 | Lair:1   | Reached skill level 6 in Shields
 10975 | Lair:1   | Reached ***** piety under Trog
 10976 | Lair:1   | Reached XP level 12. HP: 51/76 MP: 12/12
 11186 | Lair:1   | 11186 ||| Stepping ~*~*~tactically~*~*~ (stealth).
 11189 | Lair:1   | 11189 ||| Stepping ~*~*~tactically~*~*~ (stealth).
 11754 | Lair:1   | 11754 ||| UPGRADING to ring of protection from fire.
 11755 | Lair:1   | 11755 ||| READING 3 scrolls of identify.
 11755 | Lair:1   | 11755 ||| IDENTIFYING fuming grey potion
 11756 | Lair:1   | 11756 ||| DROPPING potion of attraction.
 11791 | Lair:2   | Noticed a catoblepas
 11792 | Lair:2   | 11792 ||| STAIRDANCE
 11807 | Lair:2   | Noticed an eight-headed hydra
 11808 | Lair:2   | 11808 ||| STAIRDANCE
 11815 | Lair:1   | 11815 ||| INVOKING Berserk.
 12033 | Lair:2   | 12033 ||| STAIRDANCE
 12035 | Lair:1   | 12035 ||| INVOKING Brothers in Arms.
 12036 | Lair:1   | 12036 ||| SWAPPING to +0 morningstar.
 12037 | Lair:1   | 12037 ||| INVOKING Berserk.
 12040 | Lair:1   | Killed an eight-headed hydra
 12142 | Lair:1   | 12142 ||| SWAPPING to +0 broad axe.
 12145 | Lair:2   | 12145 ||| STAIRDANCE
 12166 | Lair:2   | 12166 ||| INVOKING Berserk.
 12176 | Lair:2   | Killed a catoblepas
 12177 | Lair:2   | Reached skill level 9 in Shields
 12293 | Lair:2   | 12293 ||| INVOKING Berserk.
 12523 | Lair:2   | 12523 ||| INVOKING Berserk.
 12808 | Lair:2   | 12808 ||| INVOKING Berserk.
 12815 | Lair:2   | Noticed a six-headed hydra
 12820 | Lair:2   | 12820 ||| INVOKING Brothers in Arms.
 12821 | Lair:2   | 12821 ||| SWAPPING to +0 morningstar.
 12826 | Lair:2   | 12826 ||| Stepping ~*~*~tactically~*~*~ (outnumbered).
 12827 | Lair:2   | 12827 ||| Stepping ~*~*~tactically~*~*~ (outnumbered).
 12830 | Lair:2   | HP: 10/76 [guardian serpent (11)]
 12831 | Lair:2   | 12831 ||| READING 4 scrolls of teleportation.
 12831 | Lair:2   | HP: 3/76 [six-headed hydra (4)]
 12833 | Lair:2   | 12833 ||| SWAPPING to +0 broad axe.
 13252 | Lair:2   | 13252 ||| INVOKING Berserk.
 13287 | Lair:2   | 13287 ||| FLEEEEING.
 13288 | Lair:2   | 13288 ||| FLEEEEING.
 13289 | Lair:2   | 13289 ||| FLEEEEING.
 13292 | Lair:2   | 13292 ||| FLEEEEING.
 13293 | Lair:2   | 13293 ||| FLEEEEING.
 13294 | Lair:2   | 13294 ||| FLEEEEING.
 13328 | Lair:2   | 13328 ||| Stepping ~*~*~tactically~*~*~ (hiding).
 13350 | Lair:2   | 13350 ||| Stepping ~*~*~tactically~*~*~ (stealth).
 13351 | Lair:2   | 13351 ||| Stepping ~*~*~tactically~*~*~ (stealth).
 13352 | Lair:2   | 13352 ||| Stepping ~*~*~tactically~*~*~ (stealth).
 13353 | Lair:2   | 13353 ||| INVOKING Berserk.
 13620 | Lair:2   | Found a staircase to the Snake Pit.
 13716 | Lair:2   | Noticed a four-headed hydra
 13717 | Lair:2   | Found a staircase to the Swamp.
 13719 | Lair:2   | 13719 ||| SWAPPING to +0 morningstar.
 13720 | Lair:2   | 13720 ||| INVOKING Berserk.
 13725 | Lair:2   | Killed a four-headed hydra
 13726 | Lair:2   | Reached skill level 12 in Axes
 13738 | Lair:2   | 13738 ||| SWAPPING to +0 broad axe.
 14006 | Lair:2   | 14006 ||| DROPPING ring of ice.
 14007 | Lair:2   | 14007 ||| UPGRADING to +4 ring of protection.
 14009 | Lair:2   | 14009 ||| DRINKING 2 inky potions.
 14110 | Lair:2   | 14110 ||| DROPPING potion of ambrosia.
 14129 | Lair:2   | 14129 ||| SWAPPING to +0 morningstar.
 14130 | Lair:2   | 14130 ||| INVOKING Berserk.
 14137 | Lair:2   | Killed a six-headed hydra
 14175 | Lair:2   | 14175 ||| SWAPPING to +0 broad axe.
 14394 | Lair:3   | 14394 ||| Stepping ~*~*~tactically~*~*~ (stealth).
 14401 | Lair:3   | 14401 ||| INVOKING Berserk.
 14562 | Lair:3   | 14562 ||| Stepping ~*~*~tactically~*~*~ (stealth).
 14839 | Lair:3   | You fall into a shaft and drop 2 floors!
 14839 | Lair:5   | Entered Level 5 of the Lair of Beasts
 14839 | Lair:5   | Noticed a seven-headed hydra
 14840 | Lair:5   | 14840 ||| INVOKING Brothers in Arms.
 14841 | Lair:5   | 14841 ||| INVOKING Brothers in Arms.
 14842 | Lair:5   | 14842 ||| INVOKING Brothers in Arms.
 14843 | Lair:5   | 14843 ||| INVOKING Brothers in Arms.
 14844 | Lair:5   | 14844 ||| INVOKING Brothers in Arms.
 14845 | Lair:5   | 14845 ||| INVOKING Brothers in Arms.
 14846 | Lair:5   | 14846 ||| SWAPPING to +0 morningstar.
 14847 | Lair:5   | 14847 ||| INVOKING Berserk.
 14849 | Lair:5   | Noticed a six-headed hydra
 14850 | Lair:5   | Killed a seven-headed hydra
 14851 | Lair:5   | Reached XP level 13. HP: 59/82 MP: 13/13
 14858 | Lair:5   | HP: 29/123 [six-headed hydra (10)]
 14860 | Lair:5   | HP: 8/82 [six-headed hydra (11)]
 14861 | Lair:5   | 14861 ||| READING 3 scrolls of teleportation.
 14861 | Lair:5   | Slain by a six-headed hydra

Levels and vault maps discovered:
D:1:      ebering_hopf_link, layout_basic, minivault_26, minmay_octomino_e4
D:2:      layout_rooms, serial_shops, nicolae_square_shop,
          grunt_decor_mini_mirrors, st_stairs_7, uniq_sigmund
D:3:      minmay_angry_zag, layout_loops_corners
D:4:      layout_basic, uniq_crazy_yiuf_cottage, uniq_blork_the_orc
D:5:      layout_loops_corners, nicolae_tso_besieged_by_evil, temple_statues,
          dreamdust_gnoll_farm
D:6:      minmay_diamond_boxcup, layout_rooms
D:7:      layout_loops_cross, nicolae_overflow_hidden_temple, nrook_mini_vaults,
          the_hattery
D:8:      layout_basic
D:9:      layout_roguey, lair_entry_dummy, enter_bailey_6, minivault_16
Lair:1:   layout_small_grid, infiniplex_staircase_pool_2
Lair:2:   layout_gridlike, palyth_hydra_swamp_entry,
          minmay_snake_entry_spellcaster, serial_bayou_pond_b,
          infiniplex_staircase_pool
Lair:3:   gammafunk_boulding_lane, layout_chaotic_city, serial_bayou_shore_b
Lair:5:   evil_forest, layout_cellular_growth, grunt_forest_stairs_basic,
          lemuel_fruit_fields, lemuel_fruit_fields

Skill      XL: |  1  2  3  4  5  6  7  8  9 10 11 12 |
---------------+-------------------------------------+-----
Axes           | 3 5 6 7 8 10 11 12 | 12.1
Shields        | 1 2 3 4 5 6 11 | 11.0
Fighting       | 4 5 6 7 8 9 10 | 10.0
Throwing       | 1 2 3 |  3.1
Armour         | 3 6 12 | 12.2
Dodging        | |  1.5

Action                   |  1- 3 |  4- 6 |  7- 9 | 10-12 | 13-15 || total
-------------------------+-------+-------+-------+-------+-------++-------
Melee: Hand axe          |    80 |   138 |       |       |       ||   218
       War axe           |       |    26 |   279 |       |       ||   305
       Broad axe         |       |       |    39 |   382 |       ||   421
       Morningstar       |       |       |       |    26 |     9 ||    35
Throw: Boomerang         |       |       |    18 |    56 |       ||    74
       Javelin           |       |       |     6 |    18 |       ||    24
Invok: Berserk           |     3 |     3 |     7 |    18 |       ||    31
       Brothers in Arms  |       |       |       |     3 |       ||     3
  Use: Scroll            |     3 |    10 |     6 |     8 |     1 ||    28
       Potion            |       |     3 |     3 |     4 |       ||    10
Armor: Animal skin       |    21 |       |       |       |       ||    21
       Leather armour    |     2 |    63 |       |       |       ||    65
       Ring mail         |       |     3 |   101 |       |       ||   104
       Chain mail        |       |       |    78 |    27 |       ||   105
       Plate armour      |       |       |       |   456 |    12 ||   468
Dodge: Dodged            |    39 |    68 |   175 |   165 |     8 ||   455
Block: Buckler           |     4 |    37 |    91 |    83 |       ||   215
       Kite shield       |       |       |       |   168 |     6 ||   174

Table legend:
 A = Non-vault XP
 B = Vault XP
 C = Vault XP percentage of total XP
 D = Non-vault monster count
 E = Vault monster count
 F = Vault count percentage of total count
                 A         B        C        D         E       F
            +---------+---------+-------+---------+---------+-------
      Total |   21452 |    4817 |  18.3 |     255 |      43 |  14.4
            +---------+---------+-------+---------+---------+-------
        D:1 |      28 |       5 |  15.2 |      17 |       3 |  15.0
        D:2 |      68 |     231 |  77.3 |      25 |       4 |  13.8
        D:3 |      40 |      13 |  24.5 |      14 |       7 |  33.3
        D:4 |      94 |     100 |  51.5 |      13 |       1 |   7.1
        D:5 |     747 |     166 |  18.2 |      22 |      13 |  37.1
        D:6 |     676 |     312 |  31.6 |      27 |       6 |  18.2
        D:7 |    1684 |     211 |  11.1 |      29 |       1 |   3.3
        D:8 |    2193 |       0 |   0.0 |      21 |       0 |   0.0
        D:9 |    1532 |       0 |   0.0 |      25 |       0 |   0.0
     Lair:1 |    7482 |     153 |   2.0 |      33 |       1 |   2.9
     Lair:2 |    3825 |    2363 |  38.2 |      14 |       5 |  26.3
     Lair:3 |    3083 |       0 |   0.0 |      15 |       0 |   0.0
     Lair:5 |       0 |    1263 | 100.0 |       0 |       2 | 100.0
            +---------+---------+-------+---------+---------+-------
